 Dungeon Crawl Stone Soup version 0.31.0-9-g3a7656b989 (webtiles) character file.

Game seed: 8337521788115177333

123 qw the Skirmisher (level 4, 0/25 HPs)
             Began as a Deep Elf Hunter on Feb 2, 2024.
             Slain by an orc
             ... wielding a +1 hand axe of freezing
              (2 damage)
             ... on level 4 of the Dungeon.
             The game lasted 00:00:07 (2479 turns).

qw the Skirmisher (Deep Elf Hunter)                 Turns: 2479, Time: 00:00:07

Health: 0/25       AC:  6    Str: 10    XL:     4   Next: 79%
Magic:  6/6        EV: 11    Int: 14    God:
Gold:   161        SH:  0    Dex: 18    Spells: 3/3 levels left

rFire   . . .        a - +1 shortbow
rCold   . . .        (shield currently unavailable)
rNeg    . . .        h - +1 ring mail
rPois   .            (no helmet)
rElec   .            (no cloak)
rCorr   .            (no gloves)
SInv    +            (no boots)
Will    .....        (no amulet)
Stlth   +            j - ring of see invisible
HPRegen 0.24/turn    (no ring)
MPRegen 0.10/turn

%: no passive effects
@: lethally poisoned (0 -> -3)
A: no striking features
a: no special abilities


You were on level 4 of the Dungeon.
You visited 1 branch of the dungeon, and saw 4 of its levels.

You collected 161 gold pieces.


   Skills:
 - Level 1.5 Fighting
 + Level 8.2 Ranged Weapons
 - Level 2.4 Dodging
 - Level 1.2 Stealth


You had 3 spell levels left.
You didn't know any spells.
Your spell library was empty.

Inventory:

Hand Weapons
 a - a +1 shortbow (weapon)
Armour
 h - a +1 ring mail (worn)
Jewellery
 j - a ring of see invisible (left hand)
Potions
 d - 2 potions of heal wounds
 f - 3 potions of curing
 k - a potion of might
 l - a potion of resistance

Dungeon Overview and Level Annotations

Branches:
Dungeon (4/15)
 Temple: D:4-7

Altars:
Cheibriados


Message History

You are poisoned.
The adder poisons you!
You shoot an arrow.
The arrow hits the adder but does no damage.
You feel sick. The adder barely misses you. The adder closely misses you.
You shoot an arrow. The arrow hits the adder.
The adder is heavily wounded.
You feel sick. The adder bites you.
You shoot an arrow. The arrow closely misses the adder.
You feel sick. The adder bites you but does no damage.
The adder completely misses you.
You shoot an arrow. The arrow closely misses the adder.
You feel sick. The adder barely misses you. The orc misses you.
You shoot an arrow. The arrow misses the adder.
You feel sick. The adder closely misses you.
The adder bites you but does no damage. The orc barely misses you.
You shoot an arrow. The arrow barely misses the adder.
You feel sick.
You are no longer poisoned.
The adder barely misses you.
The orc hits you with a +1 hand axe of freezing.
The orc freezes you.
You shoot an arrow. The arrow barely misses the adder.
The adder bites you but does no damage.
The orc hits you with a +1 hand axe of freezing.
The orc freezes you. The adder misses you.
You shoot an arrow. The arrow hits the adder.
The adder is almost dead.
The adder bites you.
You are poisoned.
The adder poisons you! The orc closely misses you.
You shoot an arrow. The arrow hits the adder.
You kill the adder!
You feel sick. The orc completely misses you.
You shoot an arrow. The arrow hits the orc.
The orc is heavily wounded.
You feel sick.
The orc hits you with a +1 hand axe of freezing.
The orc freezes you.
You die...

+.......# #.......#
############..[....#
...........[.......#
...................#
...................#
......o............#
.......@...........#####
......###'#######......#
..... #.........#......#
.... #.........#......#
... #.........#......#
.. #.........#......# .
#.........#......#
###.##....#......# ###
....#.......


You could see an orc.

Vanquished Creatures
  Jessica (D:2)
  4 adders
  2 dart slugs
  2 ribbon worms (D:3)
  4 orcs (D:3)
  4 ball pythons
  5 bats
  5 endoplasms
  2 goblins (D:1)
  6 hobgoblins
  A quokka (D:1)
  3 frilled lizards
  3 kobolds
  8 rats
50 creatures vanquished.

Notes
Turn   | Place    | Note
-------+----------+-------------------------------------------
     0 | D:1      | qw the Deep Elf Hunter began the quest for the Orb.
     0 | D:1      | Reached XP level 1. HP: 12/12 MP: 3/3
     0 | D:1      | 0 ||| qw: Version: 0.3-a-155-g5e7d8dd
     0 | D:1      | 0 ||| qw: Game counter: 1171
     0 | D:1      | 0 ||| qw: Melee chars always use a shield: true
     0 | D:1      | 0 ||| qw: God list: Okawaru
     0 | D:1      | 0 ||| qw: Allow faded altars: false
     0 | D:1      | 0 ||| qw: Do Orc after clearing Dungeon:15 true
     0 | D:1      | 0 ||| qw: Do second Lair branch before Depths: true
     0 | D:1      | 0 ||| qw: Lair rune preference: random
     0 | D:1      | 0 ||| qw: Goals: Normal
     0 | D:1      | 0 ||| PLANNING D:1-11
   344 | D:1      | Reached skill level 6 in Ranged Weapons
   344 | D:1      | Reached XP level 2. HP: 16/16 MP: 4/4
   866 | D:1      | 866 ||| DROPPING scarf of shadows.
   867 | D:1      | 867 ||| UPGRADING to +0 scale mail.
   877 | D:1      | 877 ||| DROPPING +0 leather armour.
   878 | D:1      | 878 ||| UPGRADING to +0 ring mail.
   888 | D:1      | 888 ||| DROPPING +0 scale mail.
   889 | D:1      | 889 ||| UPGRADING to ring of see invisible.
   890 | D:1      | 890 ||| READING scroll labelled LOTWOOBASU.
   890 | D:1      | 890 ||| ENCHANTING +0 shortbow.
   891 | D:1      | 891 ||| READING scroll labelled DUFUNW VUYBOG.
   891 | D:1      | 891 ||| IDENTIFYING 2 glowing puce potions
   892 | D:1      | 892 ||| READING scroll labelled DYK FIRAOCK.
   897 | D:1      | 897 ||| DRINKING 2 viscous yellow potions.
   898 | D:1      | 898 ||| DROPPING scroll of butterflies.
  1225 | D:2      | Noticed Jessica
  1226 | D:2      | Killed Jessica
  1227 | D:2      | Reached skill level 7 in Ranged Weapons
  1227 | D:2      | Reached XP level 3. HP: 20/20 MP: 5/5
  1558 | D:2      | 1558 ||| READING scroll of identify.
  1558 | D:2      | 1558 ||| IDENTIFYING viscous clear potion
  1559 | D:2      | 1559 ||| READING scroll labelled LUIMEUPN FUTON.
  1559 | D:2      | 1559 ||| ENCHANTING +0 ring mail.
  1560 | D:2      | 1560 ||| DRINKING 3 fizzy ruby potions.
  1561 | D:2      | 1561 ||| DROPPING potion of degeneration.
  1673 | D:3      | Reached XP level 4. HP: 25/25 MP: 6/6
  2072 | D:3      | Found a snail-covered altar of Cheibriados.
  2123 | D:3      | Reached skill level 8 in Ranged Weapons
  2132 | D:3      | Found a faded altar of an unknown god.
  2414 | D:3      | 2414 ||| READING 2 scrolls of identify.
  2414 | D:3      | 2414 ||| IDENTIFYING fizzy black potion
  2415 | D:3      | 2415 ||| READING scroll of identify.
  2415 | D:3      | 2415 ||| IDENTIFYING fuming orange potion
  2416 | D:3      | 2416 ||| READING scroll labelled EPRIAW UPAMO.
  2417 | D:3      | 2417 ||| READING scroll labelled TAYGUNGO POMEF.
  2418 | D:3      | 2418 ||| READING scroll labelled OMUUL WASOC.
  2419 | D:3      | 2419 ||| DROPPING potion of brilliance.
  2479 | D:4      | HP: 6/25 [poisoned by an adder]
  2479 | D:4      | HP: 2/25 [orc/+1 hand axe of freezing (4)]
  2479 | D:4      | Slain by an orc

Levels and vault maps discovered:
D:1:      wander_arrival_desolate, layout_basic
D:2:      layout_loops_ring, uniq_jessica
D:3:      layout_loops_cross, nicolae_overflow_hidden_temple,
          shapermc_ecumenical_altar_gd, kennysheep_generic_room_4
D:4:      black_bear_nest_2, layout_gridville, lemuel_crystal_altar

Skill      XL: |  1  2  3  4 |
---------------+-------------+-----
Ranged Weapons | 6 7 8 |  8.2
Fighting       | |  1.5
Dodging        | |  2.4
Stealth        | |  1.2

Action                     |  1- 3 |  4- 6 || total
---------------------------+-------+-------++-------
   Fire: Shortbow          |    84 |    58 ||   142
    Use: Scroll            |     5 |     5 ||    10
         Potion            |     2 |       ||     2
 Armour: Leather armour    |     7 |       ||     7
         Ring mail         |     7 |    26 ||    33
  Dodge: Dodged            |    14 |    26 ||    40

Table legend:
 A = Non-vault XP
 B = Vault XP
 C = Vault XP percentage of total XP
 D = Non-vault monster count
 E = Vault monster count
 F = Vault count percentage of total count
                 A         B        C        D         E       F
            +---------+---------+-------+---------+---------+-------
      Total |     139 |      37 |  21.0 |      49 |       1 |   2.0
            +---------+---------+-------+---------+---------+-------
        D:1 |      31 |       0 |   0.0 |      17 |       0 |   0.0
        D:2 |      13 |      37 |  74.0 |      10 |       1 |   9.1
        D:3 |      82 |       0 |   0.0 |      21 |       0 |   0.0
        D:4 |      13 |       0 |   0.0 |       1 |       0 |   0.0
            +---------+---------+-------+---------+---------+-------
